 Dungeon Crawl Stone Soup version 0.27-a0-1202-ge72e49191c (webtiles) character file.

Game seed: 4596086436818684840

8 streetpizza the Magician (level 2, 16/20 HPs)
             Began as a Demonspawn Wanderer on June 2, 2021.
             Quit the game on level 1 of the Dungeon on June 4, 2021.
             The game lasted 00:03:11 (629 turns).

streetpizza the Magician (Demonspawn Wanderer)       Turns: 629, Time: 00:03:12

Health: 16/20      AC:  2    Str: 14    XL:     2   Next: 0%
Magic:  8/8        EV: 11    Int: 12    God:
Gold:   15         SH:  0    Dex: 11    Spells: 11/11 levels left

rFire    . . .     SeeInvis .   a - +0 club
rCold    . . .     Faith    .   (no shield)
rNeg     . . .     Spirit   .   d - +0 robe
rPois    .         Reflect  .   (no helmet)
rElec    .         Harm     .   (no cloak)
rCorr    .         Rampage  .   (no gloves)
Will     .....                  (no boots)
Stlth    +.........             (no amulet)
HPRegen  0.06/turn              b - ring of flight
MPRegen  0.11/turn              (no ring)

@: flying
A: claws 1
a: no special abilities


You were on level 1 of the Dungeon.
You visited 1 branch of the dungeon, and saw 1 of its levels.

You collected 15 gold pieces.

Inventory:

Hand Weapons
 a - a +0 club (weapon)
Armour
 d - a +0 robe (worn)
Jewellery
 b - a ring of flight (left claw)
Wands
 e - a wand of paralysis (13) (quivered)
Potions
 c - a potion of brilliance {unknown}


   Skills:
 + Level 0.5 Fighting
 + Level 0.5 Maces & Flails
 + Level 0.5 Dodging
 - Level 1.0 Stealth
 - Level 5.0 Spellcasting
 - Level 1.7 Air Magic
 - Level 1.0 Poison Magic
 + Level 1.3 Evocations


You had 11 spell levels left.
You didn't know any spells.
Your spell library contained the following spells:

 Spells                   Type           Power      Damage    Failure   Level
 Shock                    Conj/Air       20%        1d4       14%         1
 Magic Dart               Conj           12%        1d3       21%         1
 Conjure Flame            Conj/Fire      3%         6-21      52%         3
 Dazzling Flash           Conj/Hex       6%         N/A       52%         3


Dungeon Overview and Level Annotations

Branches:
Dungeon (1/15)

Altars:


Innate Abilities, Weirdness & Mutations

You have sharp fingernails.


Message History

The giant cockroach completely misses you.
You closely miss the giant cockroach.
The giant cockroach is moderately wounded.
The giant cockroach bites you but does no damage.
You closely miss the giant cockroach. The giant cockroach bites you.
The giant cockroach barely misses you.
You hit the giant cockroach.
The giant cockroach is heavily wounded.
The giant cockroach closely misses you.
You barely miss the giant cockroach.
The giant cockroach is heavily wounded.
The giant cockroach misses you. The giant cockroach closely misses you.
You hit the giant cockroach but do no damage.
The giant cockroach is heavily wounded.
The giant cockroach misses you.
You hit the giant cockroach but do no damage.
The giant cockroach is heavily wounded.
The giant cockroach bites you but does no damage.
The giant cockroach barely misses you.
You barely miss the giant cockroach.
The giant cockroach is heavily wounded.
The giant cockroach bites you but does no damage.
You hit the giant cockroach.
The giant cockroach is severely wounded.
The giant cockroach completely misses you.
The giant cockroach barely misses you.
You closely miss the giant cockroach.
The giant cockroach is severely wounded.
The giant cockroach bites you but does no damage.
The giant cockroach barely misses you.
You hit the giant cockroach but do no damage.
The giant cockroach is severely wounded.
The giant cockroach barely misses you.
You hit the giant cockroach.
You kill the giant cockroach!
You have reached level 2!
Your demonic ancestry asserts itself...
Your fingernails lengthen.
You see here 12 poisoned darts.
Are you sure you want to abandon this character and quit the game? (Confirm with "yes".)

.. ####.# ##....#
...... ....# ###
#.#.#
#...####.#.###.##
#..@....†......
#..>####.####....
.. ### #.# . .
###.# . #...#
#.### .# #.# .#
#.# ## #.#


There were no monsters in sight!

Vanquished Creatures
  A ball python (D:1)
  2 giant cockroaches (D:1)
  2 goblins (D:1)
  A hobgoblin (D:1)
6 creatures vanquished.

Notes
Turn   | Place    | Note
-------+----------+-------------------------------------------
     0 | D:1      | streetpizza the Demonspawn Wanderer began the quest for the
                  | Orb.
     0 | D:1      | streetpizza set off with the following items: a +0 club, a
                  | +0 robe, a wand of paralysis (15); and the following spells
                  | available to memorise: Shock, Magic Dart, Conjure Flame,
                  | Dazzling Flash
     0 | D:1      | Reached XP level 1. HP: 13/13 MP: 6/6
   625 | D:1      | Gained mutation: You have sharp fingernails. [demonic
                  | ancestry]
   625 | D:1      | Reached XP level 2. HP: 16/20 MP: 8/8
   629 | D:1      | Quit the game

Illustrated notes

Levels and vault maps discovered:
D:1:      minmay_arrival_diagonal_passages, layout_loops_ring

Action                   || total
-------------------------++-------
Melee: Club              ||    36
Evoke: Wand              ||     2
 Stab: Paralysed         ||     7
Armor: Robe              ||     9
Dodge: Dodged            ||    19

Table legend: (Time is in decaauts)
 A = Elapsed time spent in this place.
 B = Non-inter-level travel time spent in this place.
 C = Inter-level travel time spent in this place.
 D = Time resting spent in this place.
 E = Time spent auto-exploring this place.
 F = Levels seen in this place.
 G = Mean time per level.
                   A        B        C        D        E       F      G
               +--------+--------+--------+--------+--------+-----+--------+
         Total |    638 |    638 |      0 |      0 |    540 |   1 |  638.0 |
       Dungeon |    638 |    638 |      0 |      0 |    540 |   1 |  638.0 |
               +--------+--------+--------+--------+--------+-----+--------+

Top non-repeatable levels by time:
     D:1: 638 daAuts
